Map: Lost and Found LE

Players

OutlanderLV

  • Race: Zerg Zerg
  • League: Gold
  • Spawn Location: 1:00

Root - Winner!

  • Race: Protoss Protoss
  • League: Platinum
  • Spawn Location: 7:00

VOD

Have the link to the VOD?

Description

Time

  • Played on: July 22, 2018, 4:27 p.m.
  • Length: 18:01
Show
View Real Time Build Order
Export as new Build Order

OutlanderLV Zerg 

Build Orders: Hatch First 

Get SALT Encoding   

  12  0:01  Drone  
  13  0:08  Drone  
  14  0:21  Overlord  
  14  0:44  Hatchery  
  14  0:45  Drone  
  14  0:49  Drone  
  15  0:52  Drone  
  16  1:11  Spawning Pool  
  16  1:15  Extractor  
  16  1:16  Drone  
  16  1:17  Drone  
  16  1:25  Overlord  
  16  1:35  Drone  
  17  1:46  Drone  
  18  1:58  Queen  
  18  1:59  Queen  
  22  2:02  Drone  
  22  2:03  Drone  
  22  2:07  Drone  
  25  2:19  Overlord  
  25  2:23  Drone x2  
  27  2:39  Zergling x4  
  27  2:40  Zergling x2  
  30  2:55  Zergling x2  
  30  2:56  Zergling x6  
  34  3:20  Lair  
  34  3:24  Extractor  
  34  3:25  Spore Crawler  
  34  3:26  Spore Crawler  
  32  3:27  Drone x4  
  35  3:46  Drone x2  
  36  3:54  Metabolic Boost  
  33  4:20  Roach Warren  
  32  4:25  Hydralisk Den  
  32  4:26  Drone x2  
  32  4:28  Drone x2  
  35  4:31  Overlord  
  35  4:32  Overlord x2  
  35  4:36  Drone, Extractor  
  35  4:45  Overlord x2  
  35  4:49  Queen  
  37  4:58  Hydralisk x2  
  37  4:59  Hydralisk x2  
  45  5:00  Hydralisk  
  45  5:03  Drone  
  48  5:11  Muscular Augments  
  48  5:20  Drone x4, Extractor  
  51  5:37  Tunneling Claws  
  51  5:45  Drone x3  
  54  5:58  Hydralisk x2  
  54  5:59  Roach  
  60  6:08  Drone x2  
  60  6:09  Drone  
  63  6:25  Drone x2  
  64  6:28  Drone  
  64  6:31  Hatchery  
  65  6:59  Hydralisk x3, Roach  
  65  7:00  Roach  
  75  7:21  Overlord x4  
  75  7:24  Grooved Spines  
  73  7:44  Hydralisk  
  73  7:45  Hydralisk x4, Roach x2  
  73  7:46  Roach x2  
  91  7:51  Queen  
  91  7:53  Drone  
  91  8:18  Drone x2  
  93  8:31  Drone x4  
  93  8:33  Hydralisk x2  
  103  8:34  Roach  
  103  8:59  Hydralisk x2  
  103  9:00  Hydralisk, Roach x2  
  103  9:02  Overlord x2  
  111  9:20  Pneumatized Carapace  
  111  9:22  Hydralisk x5  
  111  9:23  Roach x5  
  129  9:31  Overlord x3  
  129  9:51  Spire  
  128  9:53  Drone x2  
  128  9:57  Drone x2  
  132  10:22  Drone x3  
  132  10:23  Drone  
  136  10:29  Zergling x2  
  136  10:30  Zergling x22  
  148  10:37  Drone x3  
  148  10:40  Overlord  
  151  10:43  Overlord x2  
  151  10:44  Overlord  
  151  11:04  Mutalisk  
  151  11:05  Mutalisk x10  
  173  11:36  Drone x6  
  173  11:39  Extractor  
  178  11:40  Extractor  
  177  11:57  Hatchery  
  172  12:19  Infestation Pit  
  171  12:26  Baneling Nest  
  170  12:30  Hydralisk x2  
  170  12:31  Hydralisk x2, Roach x3  
  184  13:06  Evolution Chamber  
  184  13:07  Evolution Chamber  
  167  13:41  Zergling x2  
  167  13:42  Zergling x28  
  124  13:56  Overlord x2, Hydralisk x5, Roach  
  124  13:57  Roach x4  
  113  14:08  Hydralisk  
  113  14:09  Hydralisk x2, Roach x2  
  82  14:26  Queen  
  80  14:36  Hydralisk x3, Roach  
  80  14:37  Roach x2  
  90  15:20  Hydralisk  
  90  15:21  Overlord x2, Hydralisk x5, Roach x3  
  94  15:22  Roach x3  
  114  15:28  Hatchery  
  113  15:42  Hydralisk x3  
  109  15:43  Roach x3  
  119  15:58  Hydralisk x4, Roach  
  119  15:59  Roach x2  
  133  16:15  Ravager  
  133  16:17  Ravager  
  135  16:26  Zergling x26  
  76  17:07  Hydralisk x7, Roach  
  76  17:08  Hydralisk x3, Roach x6  
  87  17:09  Roach  
Show
View Real Time Build Order
Export as new Build Order

Root Protoss - Winner!

Build Orders: Phoenix Opening 

Get SALT Encoding   

  1  0:00  Probe  
  12  0:06  Probe  
  14  0:17  Pylon  
  14  0:20  Probe  
  15  0:35  Probe  
  15  0:37  Gateway  
  16  0:43  Assimilator  
  16  0:48  Probe  
  17  0:57  Assimilator  
  17  1:00  Probe  
  18  1:08  Probe  
  18  1:16  Probe  
  18  1:17  Gateway  
  20  1:26  Cybernetics Core  
  20  1:29  Probe  
  21  1:34  Pylon  
  21  1:43  Probe  
  22  1:52  Zealot  
  24  2:03  Stargate  
  24  2:10  Probe  
  25  2:18  Probe  
  25  2:20  Warp Gate  
  26  2:25  Adept  
  26  2:28  Probe, Adept  
  31  2:55  Nexus  
  31  3:06  Pylon  
  31  3:08  Shield Battery  
  31  3:15  Phoenix  
  31  3:24  Probe  
  31  3:26  Pylon  
  32  3:58  Phoenix  
  32  4:00  Probe  
  33  4:11  Probe  
  33  4:12  Probe  
  33  4:15  Gateway  
  35  4:17  Adept x2  
  35  4:18  Gateway  
  35  4:20  Probe  
  35  4:23  Shield Battery  
  40  4:27  Assimilator  
  40  4:30  Probe, Assimilator  
  40  4:35  Probe  
  44  4:53  Twilight Council  
  44  4:58  Probe  
  45  5:00  Robotics Facility  
  45  5:01  Probe  
  44  5:07  Adept  
  44  5:11  Probe  
  44  5:12  Phoenix  
  44  5:13  Probe  
  50  5:17  Gateway  
  50  5:20  Pylon  
  50  5:38  Phoenix  
  52  5:44  Probe  
  52  5:46  Adept x3  
  59  5:52  Probe  
  59  5:54  Probe  
  59  5:57  Charge  
  61  6:01  Warp Prism  
  61  6:02  Probe  
  63  6:07  Probe  
  63  6:10  Phoenix  
  67  6:14  Probe  
  68  6:30  Pylon  
  68  6:32  Pylon  
  68  6:37  Gateway  
  68  6:39  Probe  
  69  6:41  Gateway  
  69  6:51  Probe  
  69  6:52  Nexus  
  70  6:58  Adept x3  
  70  7:00  Immortal  
  76  7:03  Probe  
  76  7:06  Pylon  
  77  7:08  Pylon  
  81  7:21  Templar Archives  
  81  7:26  Pylon  
  81  7:31  Gateway  
  81  7:38  Phoenix  
  81  7:40  Immortal  
  86  8:02  Phoenix  
  80  8:11  Probe  
  78  8:18  Shield Battery  
  78  8:19  Probe  
  79  8:20  Shield Battery  
  79  8:22  Shield Battery  
  79  8:23  Immortal  
  79  8:25  Psionic Storm, Zealot x6  
  96  8:29  Probe  
  97  8:36  Forge  
  97  8:38  Forge  
  97  8:47  Probe  
  98  8:55  Zealot x4  
  106  8:59  Probe  
  107  9:07  Probe  
  100  9:19  Probe  
  100  9:24  Pylon  
  99  9:26  Photon Cannon  
  99  9:28  Photon Cannon  
  99  9:30  Assimilator  
  100  9:31  Probe, Protoss Ground Armor Level 1  
  100  9:33  Pylon  
  100  9:34  Protoss Ground Weapons Level 1, Assimilator  
  100  9:43  Probe  
  100  9:44  Gateway  
  101  9:47  Gateway  
  101  9:49  Gateway  
  101  9:51  Zealot x2  
  101  9:52  Gateway  
  105  10:15  High Templar x6  
  105  10:20  Probe  
  117  10:28  Probe, Nexus  
  118  10:30  Pylon  
  118  10:33  Pylon  
  119  10:38  Probe  
  119  10:39  Resonating Glaives  
  120  10:50  Probe, High Templar x7  
  120  10:52  Zealot x3  
  120  10:53  Zealot x2  
  120  10:55  Archon x3  
  145  11:02  Probe  
  146  11:09  Shield Battery  
  146  11:10  Gateway  
  146  11:11  Gateway  
  146  11:13  Shield Battery  
  146  11:18  Shield Battery  
  146  11:19  Photon Cannon  
  146  11:21  Photon Cannon  
  146  11:22  Probe  
  146  11:25  Photon Cannon  
  141  11:34  Probe  
  142  11:46  Probe  
  143  11:49  Zealot x6  
  143  11:50  Zealot x3  
  161  11:59  Pylon  
  159  12:01  Pylon  
  159  12:03  Pylon  
  159  12:05  Pylon  
  159  12:19  Protoss Ground Weapons Level 2, Protoss Ground Armor Level 2  
  159  12:23  Probe  
  159  12:25  Pylon  
  159  12:27  Photon Cannon  
  160  12:31  Probe  
  161  12:41  Probe  
  161  12:43  Pylon  
  162  12:45  Gateway  
  162  12:47  Pylon  
  162  12:48  Gateway  
  162  12:51  Assimilator  
  162  12:54  Zealot x3  
  162  12:55  Assimilator, Zealot  
  170  13:01  High Templar x4  
  170  13:02  High Templar  
  180  13:08  Archon  
  180  13:09  Archon  
  177  13:13  Stalker x2  
  165  13:38  High Templar x5  
  155  13:56  Zealot x7  
  155  13:57  Zealot x2  
  143  14:16  High Templar x2  
  137  14:17  High Templar  
  137  14:18  Zealot x5, Immortal  
  137  14:19  Protoss Shields Level 1, Zealot  
  137  14:20  Probe  
  144  14:26  Protoss Ground Armor Level 3  
  144  14:28  Probe  
  136  14:38  Probe  
  135  14:43  Archon  
  135  14:45  Archon  
  136  14:49  Zealot  
  136  14:50  Zealot x6  
  136  14:51  Zealot x2  
  154  14:57  Immortal  
  154  15:02  Zealot x5  
  154  15:03  Zealot  
  154  15:04  High Templar  
  168  15:07  Probe  
  169  15:15  Probe  
  170  15:21  High Templar x2  
  170  15:22  High Templar x2  
  170  15:25  Probe, Archon  
  170  15:26  Archon  
  170  15:28  Zealot x3  
  181  15:29  Zealot x5  
  181  15:30  Nexus  
  195  15:41  High Templar, Zealot  
  199  15:54  Pylon  
  199  16:04  Probe  
  199  16:05  Pylon  
  161  17:02  Zealot x4  
  161  17:03  Zealot x5  
  163  17:29  High Templar x2  
  141  17:30  High Templar x4  
  141  17:33  Shield Battery  
  141  17:36  Shield Battery  
  143  17:39  Shield Battery  
  143  17:40  High Templar x3  
  143  17:42  Photon Cannon  
  143  17:43  Zealot x2  
  153  17:44  Photon Cannon  
  153  17:45  Archon x2  
  153  17:46  Photon Cannon  
  153  17:51  Photon Cannon  
Tags
 
Add a new tag
Caveats
  • Supply blocks, unpowered buildings, or Contaminate may cause inaccurate times.
  • Supply counts are checked every 10 seconds.